 Dungeon Crawl Stone Soup version 0.24.0-2-g5b39cebb1c (webtiles) character file.

Game seed: 12799966035786037660, levelgen mode: deterministic

53 IceCat the Ruffian (level 3, -1/28 HPs)
             Began as a Draconian Transmuter on Oct 31, 2019.
             Slain by a jackal (3 damage)
             ... on level 1 of the Dungeon.
             The game lasted 00:01:22 (813 turns).

IceCat the Ruffian (Draconian Transmuter)            Turns: 813, Time: 00:01:24

Health: -1/28      AC:  5    Str: 13    XL:     3   Next: 64%
Magic:  6/7        EV: 12    Int: 13    God:
Gold:   67         SH:  0    Dex: 11    Spells: 5/6 levels left

rFire    + + .     SeeInvis .     - Unarmed
rCold    + . .     Gourm    .   (no shield)
rNeg     . . .     Faith    .   (armour unavailable)
rPois    +         Spirit   .   (helmet restricted)
rElec    +         Reflect  .   (no cloak)
rCorr    +         Harm     .   (no gloves)
MR       .....                  (no boots)
Stlth    +.........             (no amulet)
HPRegen  0.09/turn              (no ring)
MPRegen  0.10/turn              (no ring)

@: resistant
A: unfitting armour, fire resistance 1, high mp 1, evolution 1, cold-blooded, AC
+5
a: no special abilities


You were on level 1 of the Dungeon.
You were not hungry.

You visited 1 branch of the dungeon, and saw 2 of its levels.

You collected 67 gold pieces.

Inventory:

Missiles
 a - 12 arrows
Scrolls
 b - a scroll of immolation {unknown}
 f - a scroll of amnesia {unknown}
Potions
 d - a potion of resistance
Comestibles
 c - a ration


   Skills:
 + Level 1.6 Fighting
 + Level 2.0 Dodging
 * Level 3.5 Unarmed Combat
 + Level 2.4 Spellcasting
 * Level 2.7 Transmutations


You had 5 spell levels left.
You knew the following spells:

 Your Spells              Type           Power        Failure   Level  Hunger
a - Beastly Appendage     Tmut           #.....       8%          1    #......

Your spell library contained the following spells:

 Spells                   Type           Power        Failure   Level  Hunger
 Sticks to Snakes         Tmut           #.......     12%         2    ###....
 Spider Form              Tmut/Pois      #.........   38%         3    ###....
 Ice Form                 Ice/Tmut       #.......     80%         4    #####..
 Blade Hands              Tmut           #.........   91%         5    ######.


Dungeon Overview and Level Annotations

Branches:
Dungeon (2/15)

Altars:


Innate Abilities, Weirdness & Mutations

Your plain brown scales are hard. (AC +5)
You cannot fit into any form of body armour.
You are cold-blooded and may be slowed by cold attacks.
Your flesh is heat resistant. (rF+)
You have an increased reservoir of magic. (+10% MP)
You evolve.


Message History

The adder is moderately wounded.
The adder barely misses you. The jackal bites you.
* * * LOW HITPOINT WARNING * * *
The adder barely misses you. The jackal barely misses you.
You closely miss the adder.
The adder is moderately wounded.
The jackal closely misses you. The adder bites you but does no damage.
It was a potion of resistance.
You feel protected.
The jackal bites you but does no damage.
The adder bites you.
* * * LOW HITPOINT WARNING * * *
It was a potion of mutation.
You feel extremely strange.
You feel resistant to heat.
You feel nature experimenting on you.
Don't worry, failures die fast.
You feel more energetic.
You feel sick.
You are no longer poisoned.
The jackal bites you.
You die...

........#.# #.####.(# ########
........#.###.####..# #(.....#
P..........##.......# #.####.####
PP.......#.#######.####.##.......
..P###.#...###.....#.............
...# #......)..#####.##.##.#.###.
...###.#...##### #.##..........
.P.....#...# #######.#####.#####.
.#######...# #.S@h...# #.#####.
.## #...# #.####..### #.......
..## #[..###.#.......# ########
...# #.........##....# #######
..######...###.#.##.#..# #.....#
....................#..####.....#
#.................###...........#
..................# #.#####.....#
########.........## #.# #.....#


You could see an adder and a jackal.

Vanquished Creatures
  An orc priest (D:2)
  2 dart slugs (D:1)
  2 giant cockroaches (D:1)
  A hobgoblin (D:1)
  A jackal (D:2)
  3 kobolds (D:1)
  2 bats
  A frilled lizard (D:2)
  4 goblins (D:1)
  4 rats (D:1)
21 creatures vanquished.

Notes
Turn   | Place    | Note
-------+----------+-------------------------------------------
     0 | D:1      | IceCat the Draconian Transmuter began the quest for the
                  | Orb.
     0 | D:1      | Reached XP level 1. HP: 16/16 MP: 3/3
   250 | D:1      | Reached XP level 2. HP: 23/23 MP: 5/5
   788 | D:2      | Reached XP level 3. HP: 20/28 MP: 4/6
   813 | D:1      | Gained mutation: Your flesh is heat resistant. (rF+)
                  | [potion of mutation]
   813 | D:1      | Gained mutation: You evolve. [potion of mutation]
   813 | D:1      | Gained mutation: You have an increased reservoir of magic.
                  | (+10% MP) [potion of mutation]
   813 | D:1      | Slain by a jackal

Levels and vault maps discovered:
D:1:      wander_arrival_fairy_ring, layout_loops_cross,
          chequers_serial_rivers_room_b, minmay_misc_feat_alley
D:2:      wander_river, layout_rooms, hangedman_decor_lopped,
          corexii_corridor_pit

Skill      XL: |  1  2 |
---------------+-------+-----
Dodging        | 2 |  2.0
Fighting       | |  1.6
Unarmed Combat | |  3.5
Spellcasting   | |  2.4
Transmutations | |  2.7

Action                   || total
-------------------------++-------
Melee: Unarmed           ||    85
       Tailslap          ||    10
       Kick              ||     1
       Punch             ||     1
 Cast: Beastly Appendage ||     2
  Use: Potion            ||     2
 Stab: Sleeping          ||     1
Armor: Skin              ||    26
Dodge: Dodged            ||    56
